Map: Acropolis LE

Players

Gredu

  • Race: Zerg Zerg
  • League: Master
  • Spawn Location: 11:00

zuka - Winner!

  • Race: Protoss Protoss
  • League: Master
  • Spawn Location: 5:00

VOD

Have the link to the VOD?

Description

Time

  • Played on: June 16, 2019, 3:01 p.m.
  • Length: 13:17
Show
View Real Time Build Order
Export as new Build Order

Gredu Zerg 

Build Orders: Hatch First, Ravager All-In 

Get SALT Encoding   

  12  0:01  Drone  
  13  0:13  Overlord  
  13  0:17  Drone  
  14  0:31  Drone x2  
  16  0:40  Drone  
  17  0:52  Hatchery  
  17  0:55  Drone  
  17  0:59  Drone  
  18  1:08  Drone  
  18  1:09  Extractor  
  18  1:22  Drone  
  18  1:23  Spawning Pool  
  18  1:29  Drone  
  19  1:39  Drone  
  20  1:53  Drone  
  21  1:56  Extractor  
  22  2:08  Drone  
  22  2:13  Roach Warren, Queen, Hatchery  
  22  2:17  Overlord  
  23  2:37  Drone  
  23  2:39  Overlord  
  23  2:55  Roach x2  
  27  3:05  Roach  
  29  3:16  Ravager x2  
  29  3:17  Roach  
  33  3:22  Overlord  
  33  3:23  Roach x2  
  33  3:26  Ravager  
  38  3:30  Drone x2  
  40  3:38  Ravager  
  40  3:39  Drone x2  
  43  3:45  Ravager  
  44  4:04  Roach x4  
  49  4:15  Drone x3  
  52  4:25  Overlord  
  52  4:35  Lair  
  46  4:41  Hatchery  
  42  4:46  Zergling x2  
  42  4:47  Zergling x8  
  42  4:51  Ravager x2  
  45  4:56  Queen  
  45  4:59  Zergling x4  
  46  5:03  Drone x2  
  48  5:08  Overlord  
  48  5:22  Drone x4  
  52  5:30  Ravager  
  52  5:31  Roach x2  
  57  5:41  Overlord, Extractor  
  56  5:46  Overseer  
  56  5:53  Roach  
  56  5:55  Overlord  
  58  6:10  Drone  
  58  6:11  Drone x6  
  59  6:12  Spire  
  59  6:16  Zergling x4  
  59  6:17  Zergling x2  
  62  6:21  Zergling x6  
  65  6:30  Drone x3  
  65  6:31  Overseer  
  68  6:39  Hydralisk Den  
  68  6:41  Queen  
  68  6:44  Drone x5  
  72  6:55  Hydralisk Den  
  72  6:56  Drone x3  
  74  7:02  Overlord  
  74  7:03  Overlord, Pneumatized Carapace  
  74  7:19  Queen x2  
  74  7:20  Evolution Chamber  
  74  7:21  Evolution Chamber  
  74  7:22  Metabolic Boost  
  76  7:24  Muscular Augments  
  76  7:25  Drone x3  
  76  7:26  Drone x4  
  83  7:32  Ravager  
  83  7:35  Ravager  
  85  7:37  Drone x2  
  85  7:38  Drone  
  85  7:39  Drone  
  85  7:41  Extractor  
  88  7:46  Drone x2  
  88  7:48  Overlord x3  
  90  7:55  Zerg Missile Weapons Level 1, Extractor  
  90  7:56  Extractor  
  88  8:01  Overlord x3  
  85  8:08  Drone x2  
  85  8:10  Drone x2  
  85  8:11  Drone x2  
  91  8:15  Drone  
  92  8:21  Hydralisk x2  
  92  8:22  Hatchery  
  95  8:30  Overlord, Hydralisk x2  
  95  8:31  Hydralisk x2  
  103  8:36  Hydralisk  
  103  8:38  Overlord x2, Baneling Nest  
  104  8:43  Zerg Melee Weapons Level 1  
  104  8:52  Drone x3  
  104  8:53  Drone x2  
  104  8:54  Drone  
  110  8:58  Hydralisk  
  112  9:06  Hydralisk x2  
  112  9:07  Hydralisk x4  
  124  9:13  Roach x3  
  130  9:17  Overlord x2  
  130  9:18  Grooved Spines  
  130  9:26  Centrifical Hooks  
  130  9:32  Overlord x2  
  130  9:33  Overlord, Extractor  
  130  9:35  Extractor  
  130  9:38  Baneling x3  
  128  9:39  Baneling x5  
  128  9:41  Zergling x2  
  128  9:42  Zergling x12  
  128  9:43  Zergling x2  
  135  9:45  Overlord  
  135  9:51  Baneling x7  
  135  9:52  Baneling  
  135  9:54  Baneling  
  135  9:55  Baneling  
  135  10:01  Drone x6  
  135  10:02  Overlord, Drone x2  
  143  10:09  Zergling x10  
  143  10:10  Zergling x4  
  143  10:13  Drone x2  
  152  10:15  Drone  
  153  10:22  Drone  
  153  10:25  Baneling  
  153  10:26  Baneling x17  
  154  10:29  Zergling x10  
  159  10:43  Drone x6  
  159  10:44  Drone x2  
  167  10:52  Hatchery  
  167  10:54  Zergling x2  
  165  11:09  Hydralisk x5  
  165  11:10  Hydralisk  
  165  11:17  Hatchery  
  139  11:30  Zergling x2  
  139  11:31  Zergling x42  
  155  11:43  Baneling x11  
  154  11:48  Zergling x12  
  154  11:51  Baneling  
  154  11:52  Baneling x16  
  154  11:53  Baneling  
  152  12:13  Zergling x2  
  152  12:14  Zergling x14  
  133  12:19  Hydralisk  
  133  12:20  Hydralisk  
  132  12:28  Ravager x3  
  132  12:29  Zergling x2  
  136  12:30  Zergling x12, Extractor  
  136  12:32  Baneling x4, Extractor  
  136  12:33  Baneling  
  136  12:34  Baneling x2, Hatchery  
  136  12:35  Baneling  
  136  12:36  Baneling  
  136  12:37  Baneling  
  137  12:49  Zergling x10  
  125  12:53  Baneling x5  
  125  12:54  Baneling x10  
Show
View Real Time Build Order
Export as new Build Order

zuka Protoss - Winner!

Build Orders: Chargelot Immortal 

Get SALT Encoding   

  12  0:00  Probe  
  13  0:13  Probe  
  14  0:20  Pylon  
  14  0:21  Probe  
  15  0:34  Probe  
  15  0:42  Gateway  
  16  0:46  Probe  
  17  0:56  Assimilator  
  17  0:58  Probe  
  18  1:08  Forge  
  18  1:11  Probe  
  19  1:29  Pylon  
  19  1:34  Pylon  
  19  1:42  Pylon  
  19  1:44  Pylon  
  19  1:50  Pylon  
  19  1:52  Photon Cannon  
  19  1:56  Photon Cannon  
  19  2:02  Probe  
  20  2:12  Cybernetics Core  
  20  2:15  Nexus  
  20  2:22  Probe  
  21  2:25  Assimilator  
  21  2:34  Probe  
  22  2:41  Pylon  
  22  2:46  Probe  
  22  2:48  Stalker  
  23  2:56  Robotics Facility  
  24  2:58  Probe  
  26  3:10  Probe  
  27  3:20  Shield Battery, Stalker  
  27  3:22  Probe  
  30  3:29  Warp Gate  
  30  3:34  Probe  
  30  3:38  Immortal  
  31  3:41  Probe  
  31  3:46  Probe  
  37  3:50  Probe  
  37  3:59  Probe x2  
  38  4:11  Probe x2  
  40  4:17  Warp Prism  
  40  4:18  Pylon  
  42  4:25  Probe x2  
  44  4:47  Probe  
  44  4:51  Probe  
  44  4:53  Immortal  
  48  5:00  Probe  
  48  5:02  Forge  
  48  5:03  Nexus, Probe  
  48  5:06  Assimilator  
  50  5:13  Probe  
  50  5:14  Pylon  
  51  5:15  Protoss Ground Weapons Level 1  
  51  5:18  Probe  
  51  5:19  Twilight Council  
  52  5:25  Assimilator, Probe  
  52  5:27  Pylon  
  53  5:30  Probe  
  53  5:33  Pylon  
  53  5:34  Shield Battery  
  54  5:40  Probe  
  54  5:41  Stargate  
  54  5:42  Probe  
  56  5:53  Probe  
  56  5:54  Probe  
  58  6:00  Immortal  
  58  6:05  Probe  
  58  6:06  Probe  
  58  6:09  Zealot  
  66  6:14  Charge  
  66  6:17  Probe  
  67  6:18  Probe  
  67  6:19  Probe  
  67  6:21  Pylon x2  
  69  6:26  Phoenix  
  69  6:29  Probe  
  69  6:30  Probe  
  69  6:31  Probe  
  74  6:41  Probe  
  74  6:42  Probe  
  74  6:43  Probe  
  77  6:53  Immortal, Probe  
  78  6:54  Zealot  
  78  6:55  Probe x2  
  78  6:56  Gateway  
  78  6:59  Gateway  
  78  7:01  Gateway  
  82  7:05  Probe  
  82  7:06  Gateway  
  82  7:07  Probe x2  
  89  7:12  Assimilator  
  89  7:16  Gateway  
  89  7:17  Probe, Protoss Ground Weapons Level 2  
  89  7:19  Probe x2  
  92  7:27  Assimilator  
  92  7:29  Probe, Pylon  
  93  7:31  Probe x2  
  95  7:37  Pylon  
  95  7:41  Probe  
  95  7:42  Templar Archives  
  95  7:43  Probe x2  
  98  7:46  Stalker  
  98  7:48  Robotics Facility  
  98  7:50  Pylon  
  100  7:54  Probe  
  100  7:55  Zealot x2  
  105  8:04  Immortal  
  105  8:06  Zealot x2  
  105  8:08  Pylon  
  105  8:10  Stalker  
  105  8:12  Gateway  
  111  8:13  Gateway  
  111  8:15  Gateway  
  111  8:19  Pylon, Probe x2  
  117  8:24  Immortal  
  117  8:26  Probe  
  118  8:29  Pylon  
  118  8:32  Pylon  
  118  8:37  Immortal, Psionic Storm, Pylon  
  122  8:47  Photon Cannon  
  126  8:56  Zealot, Observer  
  126  8:57  Zealot x4  
  137  9:15  High Templar x4  
  137  9:16  Nexus  
  145  9:18  Pylon, Stalker  
  145  9:20  Zealot x2  
  151  9:25  Stalker  
  151  9:26  Protoss Ground Weapons Level 3  
  151  9:30  Gateway  
  153  9:36  Zealot  
  153  9:38  Warp Prism  
  157  9:44  Immortal  
  161  9:54  Probe x3  
  164  10:01  High Templar  
  164  10:02  High Templar  
  164  10:06  Pylon  
  168  10:07  Pylon  
  168  10:13  Archon  
  168  10:15  Gateway  
  168  10:17  Gateway  
  168  10:18  Photon Cannon  
  168  10:20  Photon Cannon  
  168  10:21  High Templar x2  
  170  10:23  Immortal, Assimilator  
  170  10:24  Assimilator  
  170  10:26  Immortal, Photon Cannon  
  172  10:32  Archon  
  180  11:00  Zealot x10  
  200  11:17  Zealot x2  
  188  11:24  Probe  
  188  11:25  Probe x2  
  169  11:30  High Templar x6  
  169  11:31  Zealot  
  169  11:32  Zealot  
  163  11:34  Archon x3  
  163  11:36  Probe  
  163  11:37  Probe x3  
  167  11:48  Probe  
  167  11:49  Probe x3  
  171  12:00  Probe  
  171  12:01  Probe x3  
  159  12:12  Probe  
  159  12:13  Probe x3  
  161  12:20  High Templar x3  
  161  12:22  High Templar  
  169  12:23  Zealot x7  
  169  12:24  Zealot  
  169  12:25  Archon, Probe x3  
  169  12:26  Archon  
  169  12:28  Probe  
  189  12:37  Probe x2  
  191  12:48  Zealot x7  
  199  12:54  Probe  
  192  13:02  Zealot x4  
  190  13:12  Zealot x2  
Tags
 
Add a new tag
Caveats
  • Supply blocks, unpowered buildings, or Contaminate may cause inaccurate times.
  • Supply counts are checked every 10 seconds.